Connexion

Admirals vs Palm Springs Eager

Created - 29 juillet 2023 at 05:48

Goals
1 2 3 T
Admirals 2 1 3 6
Palm Springs Eager 1 0 1 2
Shots
1 2 3 T
Admirals 13 11 7 31
Palm Springs Eager 7 9 9 25

GoalsPenalties
1st period
1. Palm Springs Eager , Mike Hardman 2 (Scott Mayfield 2, Steven Lorentz 1) at 2:35 (PP)
2. Admirals , Cam Dineen 1 (David Kampf 1, Paul Thompson 1) at 4:06
3. Admirals , Joseph Cramarossa 2 (Garrett Pilon 1, Jeremy Roy 2) at 5:22
Kristians Rubins (MIL) for Roughing (Minor) at 2:13
Scott Reedy (SEA) for Tripping (Minor) at 8:41
Jonathan Toews (SEA) for Roughing (Minor) at 19:41
2nd period
4. Admirals , Kevin Stenlund 2 (Niko Mikkola 2, William Bitten 3) at 0:20 (PP)
Joseph Cramarossa (MIL) for Hooking (Minor) at 15:48
3rd period
5. Admirals , Garrett Wilson 1 (Nick Baptiste 1, Dominic Turgeon 1) at 2:15
6. Palm Springs Eager , Alexander Gordin 1 (Riley Duran 1, Scott Mayfield 3) at 6:24
7. Admirals , Joseph Cramarossa 3 (Nick Cousins 1, Cam Dineen 1) at 9:50
8. Admirals , Garrett Pilon 1 (Nick Cousins 2, Cam Dineen 2) at 18:03
Kristians Rubins (MIL) for Interference (Minor) at 2:54
Goalie Stats
Michael McNiven (MIL), 23 saves from 25 shots - (0,920), W, 2-0-0, 60:00 minutes
Anton Forsberg (SEA), 25 saves from 31 shots - (0,806), L, 0-1-0, 60:00 minutes
3 StarsOfficial
1 - Joseph Cramarossa (MIL)
2 - Cam Dineen (MIL)
3 - Garrett Pilon (MIL)
Referees : Greg Kimmerly and Kevin Pollock
Linesman : Tim Nowak and Dan Schachte
Game Note
Dmitry Ovchinnikov is injured at 9:03 of 2nd period (Torn Right Knee Ligaments)
Kevin Stenlund is injured at 4:51 of 3rd period (Sore Left Knee)
Finance
Level 1 -- Attendance: 1743 (87,15%) -- Ticket Income 61 005 $
Level 2 -- Attendance: 1000 (100,00%) -- Ticket Income 15 000 $
Total Attendance: 2743 (91,43%)
Total Ticket Income: 76 005 $
Other Income: 15 201 $
Total Income: 91 206 $



Team Name Goals Shots Shots Attemp Shots Blocked PIM HIT PP PK FO%
Admirals 6315856191 / 2 (50%)157%
Palm Springs Eager 22554114261 / 3 (33%)143%

Admirals
Player Name POS G A P +/- PIM HIT SHT SB MP PP MP PP SHT PK MP PK SHT FO% FOT
Cam DineenD1233001121:481:2702:0700% 0
CJ SuessLW0000002019:281:4500:40050% 2
David KampfC/RW0110002119:391:4500:51065% 17
Dominic TurgeonC011100006:570:0000:00075% 8
Garrett PilonC1123005015:020:0000:00047% 17
Garrett WilsonLW1011033024:360:5302:49043% 7
Jeremy RoyD0111001115:260:0001:3000% 0
John QuennevilleC000000003:080:0000:0000% 3
Joseph CramarossaC/LW2023254015:060:0000:02067% 3
Kevin StenlundC1010025013:140:5311:29062% 13
Kristians RubinsD0000431022:441:1110:4300% 0
Mike ReillyD0003031021:481:2712:0700% 0
Nick BaptisteRW011100106:570:0000:000100% 1
Nick CousinsC/LW/RW0223003015:020:0000:0000% 0
Nick EbertD0001000013:560:0000:0000% 0
Niko MikkolaD0110012124:161:1112:1300% 0
Paul ThompsonRW0110020018:481:4500:0000% 0
William BittenRW0110000117:420:5302:490100% 1
Palm Springs Eager
Player Name POS G A P +/- PIM HIT SHT SB MP PP MP PP SHT PK MP PK SHT FO% FOT
Alexander CampbellC/LW000-1011011:500:0000:0000% 0
Alexander GordinC/RW101-1001011:500:0000:0000% 1
Colin MillerD000-3021023:592:0701:2900% 0
Dmitry OvchinnikovLW000-100206:160:0000:0000% 0
Jake ChristiansenD000-1013214:380:0000:0000% 0
Jonathan ToewsC0000204016:482:1211:01065% 20
Lias AnderssonC000-2022018:112:0800:40024% 21
Michael AndersonD000-1030314:380:0000:0000% 0
Mike HardmanC/LW/RW101-2055119:532:0811:0500% 1
Nico SturmC/LW0000002117:202:1201:3200% 0
Nikita NesterenkoC/LW/RW000-1002012:130:0000:0000% 0
Radko GudasD0000050421:232:1301:0900% 0
Riley DuranC011-1010011:500:0000:00025% 16
Ryan GravesD000-3000023:592:0701:2900% 0
Saku MaenalanenC/LW/RW0000011020:462:1200:18075% 4
Scott MayfieldD0220000021:232:1301:0900% 0
Scott ReedyC000-1251012:120:0000:00063% 8
Steven LorentzC/LW011-2000018:112:0800:400100% 1



Play-by-Play

1st period


0:01 of 1st period - Jonathan Toews wins face-off versus Kevin Stenlund in neutral zone.
0:06 of 1st period - Shot by Saku Maenalanen.
0:06 of 1st period - Stopped by Michael McNiven without a rebound.
0:07 of 1st period - David Kampf wins face-off versus Lias Andersson in Admirals zone.
0:43 of 1st period - Shot by Steven Lorentz.
0:43 of 1st period - Shot Misses the Net.
1:43 of 1st period - Shot by Jonathan Toews.
1:43 of 1st period - Stopped by Michael McNiven with a rebound.
2:09 of 1st period - Michael Anderson is hit by Niko Mikkola and loses puck.
2:12 of 1st period - Shot by Dmitry Ovchinnikov.
2:12 of 1st period - Shot Blocked by Niko Mikkola.
2:13 of 1st period - Minor Penalty to Kristians Rubins for Roughing.
2:14 of 1st period - Lias Andersson wins face-off versus Garrett Wilson in Admirals zone.
2:25 of 1st period - Shot by Scott Mayfield.
2:25 of 1st period - Shot Misses the Net.
2:27 of 1st period - Shot by Scott Mayfield.
2:27 of 1st period - Shot Misses the Net.
2:29 of 1st period - Shot by Scott Mayfield.
2:29 of 1st period - Shot Misses the Net.
2:31 of 1st period - Shot by Steven Lorentz.
2:31 of 1st period - Shot Misses the Net.
2:33 of 1st period - Shot by Scott Mayfield.
2:33 of 1st period - Shot Blocked by Jeremy Roy.
2:35 of 1st period - Shot by Mike Hardman.
2:35 of 1st period - Goal by Mike Hardman - Admirals : 0 - Palm Springs Eager : 1.
2:36 of 1st period - Joseph Cramarossa wins face-off versus Alexander Gordin in neutral zone.
2:47 of 1st period - Icing by Garrett Pilon.
2:48 of 1st period - Jonathan Toews wins face-off versus Garrett Pilon in Admirals zone.
3:18 of 1st period - Shot by Joseph Cramarossa.
3:18 of 1st period - Shot Blocked by Nico Sturm.
4:04 of 1st period - Shot by David Kampf.
4:04 of 1st period - Shot Misses the Net.
4:06 of 1st period - Shot by Cam Dineen.
4:06 of 1st period - Goal by Cam Dineen - Admirals : 1 - Palm Springs Eager : 1.
4:07 of 1st period - Kevin Stenlund wins face-off versus Lias Andersson in neutral zone.
4:19 of 1st period - Shot by Lias Andersson.
4:19 of 1st period - Stopped by Michael McNiven without a rebound.
4:20 of 1st period - Dominic Turgeon wins face-off versus Riley Duran in Admirals zone.
4:55 of 1st period - Dominic Turgeon is hit by Colin Miller.
5:13 of 1st period - Alexander Gordin is hit by Joseph Cramarossa and loses puck.
5:18 of 1st period - Shot by Garrett Pilon.
5:18 of 1st period - Stopped by Anton Forsberg with a rebound.
5:20 of 1st period - Shot by Joseph Cramarossa.
5:20 of 1st period - Stopped by Anton Forsberg with a rebound.
5:22 of 1st period - Shot by Joseph Cramarossa.
5:22 of 1st period - Goal by Joseph Cramarossa - Admirals : 2 - Palm Springs Eager : 1.
5:23 of 1st period - CJ Suess wins face-off versus Jonathan Toews in neutral zone.
5:23 of 1st period - CJ Suess is hit by Saku Maenalanen.
5:44 of 1st period - Paul Thompson is hit by Jake Christiansen and loses puck.
5:47 of 1st period - Shot by David Kampf.
5:47 of 1st period - Stopped by Anton Forsberg without a rebound.
5:48 of 1st period - Steven Lorentz wins face-off versus Garrett Pilon in Palm Springs Eager zone.
5:56 of 1st period - Shot by Mike Hardman.
5:56 of 1st period - Stopped by Michael McNiven without a rebound.
5:57 of 1st period - Kevin Stenlund wins face-off versus Lias Andersson in Admirals zone.
5:57 of 1st period - Kristians Rubins is hit by Mike Hardman.
6:04 of 1st period - Icing by Scott Mayfield.
6:05 of 1st period - Kevin Stenlund wins face-off versus Lias Andersson in Palm Springs Eager zone.
6:05 of 1st period - Kevin Stenlund is hit by Radko Gudas.
6:31 of 1st period - Shot by Lias Andersson.
6:31 of 1st period - Shot Misses the Net.
7:08 of 1st period - Shot by Nick Cousins.
7:08 of 1st period - Stopped by Anton Forsberg with a rebound.
7:24 of 1st period - Icing by Nick Ebert.
7:25 of 1st period - Garrett Pilon wins face-off versus Scott Reedy in Admirals zone.
7:25 of 1st period - Garrett Pilon is hit by Scott Reedy.
7:39 of 1st period - Shot by Dmitry Ovchinnikov.
7:39 of 1st period - Stopped by Michael McNiven without a rebound.
7:40 of 1st period - Jonathan Toews wins face-off versus David Kampf in Admirals zone.
7:58 of 1st period - Icing by Ryan Graves.
7:59 of 1st period - Jonathan Toews wins face-off versus Kevin Stenlund in Palm Springs Eager zone.
7:59 of 1st period - Jonathan Toews is hit by Kevin Stenlund.
8:04 of 1st period - Jonathan Toews is hit by Kristians Rubins.
8:41 of 1st period - Minor Penalty to Scott Reedy for Tripping.
8:42 of 1st period - David Kampf wins face-off versus Jonathan Toews in Palm Springs Eager zone.
8:54 of 1st period - Shot by Cam Dineen.
8:54 of 1st period - Shot Misses the Net.
9:12 of 1st period - Shot by Mike Reilly.
9:12 of 1st period - Stopped by Anton Forsberg without a rebound.
9:13 of 1st period - Kevin Stenlund wins face-off versus Lias Andersson in Palm Springs Eager zone.
9:30 of 1st period - Shot by Kristians Rubins.
9:30 of 1st period - Stopped by Anton Forsberg without a rebound.
9:31 of 1st period - Jonathan Toews wins face-off versus David Kampf in Palm Springs Eager zone.
9:50 of 1st period - Shot by CJ Suess.
9:50 of 1st period - Shot Blocked by Radko Gudas.
9:52 of 1st period - Shot by CJ Suess.
9:52 of 1st period - Shot Blocked by Radko Gudas.
9:54 of 1st period - Shot by Cam Dineen.
9:54 of 1st period - Shot Misses the Net.
10:03 of 1st period - Icing by Mike Reilly.
10:04 of 1st period - David Kampf wins face-off versus Lias Andersson in Admirals zone.
10:45 of 1st period - Dmitry Ovchinnikov is hit by Joseph Cramarossa and loses puck.
11:14 of 1st period - Shot by Dmitry Ovchinnikov.
11:14 of 1st period - Stopped by Michael McNiven with a rebound.
12:07 of 1st period - Icing by Scott Mayfield.
12:08 of 1st period - David Kampf wins face-off versus Riley Duran in Palm Springs Eager zone.
12:12 of 1st period - Icing by Scott Mayfield.
12:13 of 1st period - David Kampf wins face-off versus Riley Duran in Palm Springs Eager zone.
12:24 of 1st period - Off-side.
12:25 of 1st period - Saku Maenalanen wins face-off versus Kevin Stenlund in neutral zone.
12:35 of 1st period - Shot by Kevin Stenlund.
12:35 of 1st period - Stopped by Anton Forsberg with a rebound.
12:37 of 1st period - Shot by Kristians Rubins.
12:37 of 1st period - Shot Misses the Net.
12:41 of 1st period - Shot by Garrett Wilson.
12:41 of 1st period - Stopped by Anton Forsberg with a rebound.
12:43 of 1st period - Shot by Garrett Wilson.
12:43 of 1st period - Stopped by Anton Forsberg without a rebound.
12:44 of 1st period - David Kampf wins face-off versus Lias Andersson in Palm Springs Eager zone.
12:45 of 1st period - Shot by Cam Dineen.
12:45 of 1st period - Shot Blocked by Michael Anderson.
12:47 of 1st period - Shot by David Kampf.
12:47 of 1st period - Stopped by Anton Forsberg with a rebound.
12:49 of 1st period - Shot by Paul Thompson.
12:49 of 1st period - Shot Blocked by Jake Christiansen.
12:51 of 1st period - Shot by Paul Thompson.
12:51 of 1st period - Shot Misses the Net.
12:53 of 1st period - Shot by David Kampf.
12:53 of 1st period - Deflect By Paul Thompson.
12:53 of 1st period - Shot Misses the Net.
13:14 of 1st period - CJ Suess is hit by Michael Anderson and loses puck.
14:05 of 1st period - Jonathan Toews is hit by Garrett Wilson and loses puck.
14:46 of 1st period - Nikita Nesterenko is hit by Joseph Cramarossa.
15:12 of 1st period - Shot by Garrett Pilon.
15:12 of 1st period - Shot Blocked by Radko Gudas.
15:39 of 1st period - Icing by Radko Gudas.
15:40 of 1st period - David Kampf wins face-off versus Scott Reedy in Palm Springs Eager zone.
15:40 of 1st period - David Kampf is hit by Radko Gudas.
15:48 of 1st period - Shot by CJ Suess.
15:48 of 1st period - Shot Misses the Net.
16:06 of 1st period - Paul Thompson is hit by Scott Reedy and loses puck.
17:07 of 1st period - Shot by Garrett Wilson.
17:07 of 1st period - Shot Blocked by Michael Anderson.
17:59 of 1st period - Shot by Garrett Pilon.
17:59 of 1st period - Stopped by Anton Forsberg without a rebound.
18:00 of 1st period - Riley Duran wins face-off versus Dominic Turgeon in Palm Springs Eager zone.
18:00 of 1st period - Riley Duran is hit by Garrett Wilson.
18:28 of 1st period - Shot by Garrett Wilson.
18:28 of 1st period - Shot Misses the Net.
19:11 of 1st period - Icing by Scott Mayfield.
19:12 of 1st period - Garrett Pilon wins face-off versus Lias Andersson in Palm Springs Eager zone.
19:12 of 1st period - Joseph Cramarossa is hit by Radko Gudas and loses puck.
19:23 of 1st period - Joseph Cramarossa is hit by Lias Andersson and loses puck.
19:41 of 1st period - Minor Penalty to Jonathan Toews for Roughing.
19:42 of 1st period - Saku Maenalanen wins face-off versus David Kampf in Palm Springs Eager zone.
19:42 of 1st period - Saku Maenalanen is hit by Paul Thompson.
Goals for this period are 2 for Admirals vs 1 for Palm Springs Eager.
Shots for this period are 13 for Admirals vs 7 for Palm Springs Eager.

2nd period


0:01 of 2nd period - William Bitten wins face-off versus Mike Hardman in neutral zone.
0:04 of 2nd period - Shot by Kristians Rubins.
0:04 of 2nd period - Shot Misses the Net.
0:14 of 2nd period - Shot by Niko Mikkola.
0:14 of 2nd period - Stopped by Anton Forsberg with a rebound.
0:20 of 2nd period - Shot by Kevin Stenlund.
0:20 of 2nd period - Goal by Kevin Stenlund - Admirals : 3 - Palm Springs Eager : 1.
0:21 of 2nd period - Scott Reedy wins face-off versus David Kampf in neutral zone.
0:28 of 2nd period - Shot by Scott Reedy.
0:28 of 2nd period - Shot Blocked by Cam Dineen.
1:32 of 2nd period - Garrett Wilson is hit by Scott Reedy and loses puck.
1:42 of 2nd period - Off-side.
1:43 of 2nd period - Jonathan Toews wins face-off versus Joseph Cramarossa in neutral zone.
1:45 of 2nd period - Off-side.
1:46 of 2nd period - Jonathan Toews wins face-off versus Garrett Pilon in neutral zone.
2:47 of 2nd period - Shot by Mike Hardman.
2:47 of 2nd period - Stopped by Michael McNiven with a rebound.
3:01 of 2nd period - Shot by William Bitten.
3:01 of 2nd period - Shot Blocked by Jake Christiansen.
3:03 of 2nd period - Shot by Niko Mikkola.
3:03 of 2nd period - Stopped by Anton Forsberg without a rebound.
3:04 of 2nd period - David Kampf wins face-off versus Riley Duran in Palm Springs Eager zone.
3:12 of 2nd period - Icing by Radko Gudas.
3:13 of 2nd period - David Kampf wins face-off versus Riley Duran in Palm Springs Eager zone.
3:17 of 2nd period - Icing by Scott Mayfield.
3:18 of 2nd period - Kevin Stenlund wins face-off versus Riley Duran in Palm Springs Eager zone.
3:33 of 2nd period - Shot by Kevin Stenlund.
3:33 of 2nd period - Stopped by Anton Forsberg without a rebound.
3:34 of 2nd period - Jonathan Toews wins face-off versus David Kampf in Palm Springs Eager zone.
3:53 of 2nd period - Shot by Saku Maenalanen.
3:53 of 2nd period - Shot Hit the Post.
3:55 of 2nd period - Shot by Jonathan Toews.
3:55 of 2nd period - Shot Blocked by David Kampf.
4:03 of 2nd period - Shot by Nico Sturm.
4:03 of 2nd period - Deflect By Jonathan Toews.
4:03 of 2nd period - Stopped by Michael McNiven without a rebound.
4:04 of 2nd period - Lias Andersson wins face-off versus Garrett Wilson in Admirals zone.
4:23 of 2nd period - Shot by Kevin Stenlund.
4:23 of 2nd period - Stopped by Anton Forsberg with a rebound.
4:35 of 2nd period - Icing by Kristians Rubins.
4:36 of 2nd period - Jonathan Toews wins face-off versus Kevin Stenlund in Admirals zone.
4:41 of 2nd period - Shot by Nico Sturm.
4:41 of 2nd period - Stopped by Michael McNiven with a rebound.
4:47 of 2nd period - Shot by Nico Sturm.
4:47 of 2nd period - Stopped by Michael McNiven without a rebound.
4:48 of 2nd period - Scott Reedy wins face-off versus David Kampf in Admirals zone.
5:47 of 2nd period - Michael Anderson is hit by Paul Thompson and loses puck.
7:00 of 2nd period - Shot by Nick Cousins.
7:00 of 2nd period - Deflect By Garrett Pilon.
7:00 of 2nd period - Stopped by Anton Forsberg without a rebound.
7:01 of 2nd period - Dominic Turgeon wins face-off versus Lias Andersson in Palm Springs Eager zone.
7:47 of 2nd period - Cam Dineen is hit by Mike Hardman and loses puck.
8:08 of 2nd period - Shot by Nikita Nesterenko.
8:08 of 2nd period - Stopped by Michael McNiven without a rebound.
8:09 of 2nd period - David Kampf wins face-off versus Riley Duran in Admirals zone.
8:09 of 2nd period - David Kampf is hit by Alexander Campbell.
9:02 of 2nd period - Dmitry Ovchinnikov is hit by Kristians Rubins and loses puck.
9:03 of 2nd period - Dmitry Ovchinnikov from Palm Springs Eager is injured at 9:03 of 2nd period (Torn Right Knee Ligaments).
9:04 of 2nd period - Garrett Pilon wins face-off versus Lias Andersson in Admirals zone.
9:04 of 2nd period - Garrett Pilon is hit by Mike Hardman.
10:12 of 2nd period - Shot by Kevin Stenlund.
10:12 of 2nd period - Stopped by Anton Forsberg without a rebound.
10:13 of 2nd period - Dominic Turgeon wins face-off versus Scott Reedy in Palm Springs Eager zone.
11:13 of 2nd period - Shot by CJ Suess.
11:13 of 2nd period - Stopped by Anton Forsberg without a rebound.
11:14 of 2nd period - Garrett Pilon wins face-off versus Riley Duran in Palm Springs Eager zone.
11:43 of 2nd period - Shot by Nick Cousins.
11:43 of 2nd period - Stopped by Anton Forsberg with a rebound.
11:57 of 2nd period - Colin Miller is hit by Joseph Cramarossa and loses puck.
12:28 of 2nd period - Shot by CJ Suess.
12:28 of 2nd period - Stopped by Anton Forsberg with a rebound.
12:57 of 2nd period - Icing by Michael Anderson.
12:58 of 2nd period - Kevin Stenlund wins face-off versus Lias Andersson in Palm Springs Eager zone.
13:11 of 2nd period - Shot by Michael Anderson.
13:11 of 2nd period - Shot Misses the Net.
13:52 of 2nd period - Saku Maenalanen is hit by Kristians Rubins and loses puck.
14:08 of 2nd period - Icing by Kevin Stenlund.
14:09 of 2nd period - Scott Reedy wins face-off versus Kevin Stenlund in Admirals zone.
14:12 of 2nd period - Shot by Nikita Nesterenko.
14:12 of 2nd period - Deflect By Scott Reedy.
14:12 of 2nd period - Stopped by Michael McNiven with a rebound.
14:47 of 2nd period - Shot by Lias Andersson.
14:47 of 2nd period - Shot Misses the Net.
14:49 of 2nd period - Shot by Steven Lorentz.
14:49 of 2nd period - Shot Misses the Net.
15:21 of 2nd period - Shot by Garrett Pilon.
15:21 of 2nd period - Stopped by Anton Forsberg without a rebound.
15:22 of 2nd period - Garrett Pilon wins face-off versus Riley Duran in Palm Springs Eager zone.
15:48 of 2nd period - Minor Penalty to Joseph Cramarossa for Hooking.
15:49 of 2nd period - Jonathan Toews wins face-off versus Garrett Wilson in Admirals zone.
15:52 of 2nd period - Shot by Jonathan Toews.
15:52 of 2nd period - Shot Misses the Net.
15:54 of 2nd period - Shot by Jonathan Toews.
15:54 of 2nd period - Stopped by Michael McNiven without a rebound.
15:55 of 2nd period - Garrett Wilson wins face-off versus Jonathan Toews in Admirals zone.
16:10 of 2nd period - Shot by Ryan Graves.
16:10 of 2nd period - Shot Misses the Net.
16:56 of 2nd period - Mike Hardman is hit by Mike Reilly and loses puck.
17:29 of 2nd period - Saku Maenalanen is hit by Kevin Stenlund and loses puck.
17:56 of 2nd period - Icing by Jake Christiansen.
17:57 of 2nd period - Scott Reedy wins face-off versus Garrett Pilon in Palm Springs Eager zone.
18:24 of 2nd period - Shot by Michael Anderson.
18:24 of 2nd period - Deflect By Scott Reedy.
18:24 of 2nd period - Shot Misses the Net.
18:26 of 2nd period - Shot by Jake Christiansen.
18:26 of 2nd period - Stopped by Michael McNiven with a rebound.
18:28 of 2nd period - Shot by Mike Hardman.
18:28 of 2nd period - Stopped by Michael McNiven without a rebound.
18:29 of 2nd period - Dominic Turgeon wins face-off versus Riley Duran in Admirals zone.
18:29 of 2nd period - Nick Baptiste is hit by Riley Duran and loses puck.
19:23 of 2nd period - Nico Sturm is hit by Garrett Wilson and loses puck.
Goals for this period are 1 for Admirals vs 0 for Palm Springs Eager.
Shots for this period are 11 for Admirals vs 9 for Palm Springs Eager.

3rd period


0:01 of 3rd period - Kevin Stenlund wins face-off versus Jonathan Toews in neutral zone.
0:49 of 3rd period - Icing by Kevin Stenlund.
0:50 of 3rd period - Kevin Stenlund wins face-off versus Lias Andersson in Admirals zone.
1:57 of 3rd period - Shot by Nick Cousins.
1:57 of 3rd period - Stopped by Anton Forsberg with a rebound.
2:03 of 3rd period - Shot by Joseph Cramarossa.
2:03 of 3rd period - Shot Misses the Net.
2:05 of 3rd period - Shot by Jeremy Roy.
2:05 of 3rd period - Shot Misses the Net.
2:07 of 3rd period - Shot by Jeremy Roy.
2:07 of 3rd period - Stopped by Anton Forsberg without a rebound.
2:08 of 3rd period - Dominic Turgeon wins face-off versus Riley Duran in Palm Springs Eager zone.
2:08 of 3rd period - Nick Baptiste is hit by Colin Miller and loses puck.
2:13 of 3rd period - Shot by Dominic Turgeon.
2:13 of 3rd period - Deflect By Nick Baptiste.
2:13 of 3rd period - Shot Misses the Net.
2:15 of 3rd period - Shot by Garrett Wilson.
2:15 of 3rd period - The goal is going for a video replay.
2:15 of 3rd period - The goal is good.
2:15 of 3rd period - Goal by Garrett Wilson - Admirals : 4 - Palm Springs Eager : 1.
2:16 of 3rd period - Riley Duran wins face-off versus Garrett Pilon in neutral zone.
2:43 of 3rd period - Riley Duran is hit by Joseph Cramarossa and loses puck.
2:53 of 3rd period - Icing by Kristians Rubins.
2:54 of 3rd period - Lias Andersson wins face-off versus Garrett Pilon in Admirals zone.
2:54 of 3rd period - Minor Penalty to Kristians Rubins for Interference.
2:55 of 3rd period - Garrett Wilson wins face-off versus Jonathan Toews in Admirals zone.
3:29 of 3rd period - Icing by Saku Maenalanen.
3:30 of 3rd period - Jonathan Toews wins face-off versus Garrett Wilson in Palm Springs Eager zone.
4:01 of 3rd period - Shot by Lias Andersson.
4:01 of 3rd period - Shot Misses the Net.
4:50 of 3rd period - Kevin Stenlund is hit by Mike Hardman and loses puck.
4:51 of 3rd period - Kevin Stenlund from Admirals is injured at 4:51 of 3rd period (Sore Left Knee).
4:52 of 3rd period - Joseph Cramarossa wins face-off versus Jonathan Toews in Admirals zone.
4:56 of 3rd period - Cam Dineen is hit by Scott Reedy and loses puck.
5:03 of 3rd period - Joseph Cramarossa is hit by Scott Reedy and loses puck.
5:11 of 3rd period - Scott Reedy is hit by Mike Reilly.
6:00 of 3rd period - Shot by Alexander Campbell.
6:00 of 3rd period - Stopped by Michael McNiven with a rebound.
6:22 of 3rd period - Shot by Riley Duran.
6:22 of 3rd period - Shot Misses the Net.
6:24 of 3rd period - Shot by Alexander Gordin.
6:24 of 3rd period - Goal by Alexander Gordin - Admirals : 4 - Palm Springs Eager : 2.
6:25 of 3rd period - Nick Baptiste wins face-off versus Lias Andersson in neutral zone.
7:25 of 3rd period - Shot by Scott Reedy.
7:25 of 3rd period - Shot Misses the Net.
7:27 of 3rd period - Shot by Jake Christiansen.
7:27 of 3rd period - Stopped by Michael McNiven without a rebound.
7:28 of 3rd period - Riley Duran wins face-off versus Garrett Pilon in Admirals zone.
7:28 of 3rd period - Radko Gudas is hit by Mike Reilly and loses puck.
8:09 of 3rd period - Shot by Joseph Cramarossa.
8:09 of 3rd period - Shot Blocked by Radko Gudas.
8:55 of 3rd period - Jeremy Roy is hit by Lias Andersson and loses puck.
9:02 of 3rd period - Shot by Lias Andersson.
9:02 of 3rd period - Stopped by Michael McNiven with a rebound.
9:04 of 3rd period - Shot by Ryan Graves.
9:04 of 3rd period - Shot Hit the Post.
9:06 of 3rd period - Shot by Mike Hardman.
9:06 of 3rd period - Stopped by Michael McNiven without a rebound.
9:07 of 3rd period - Jonathan Toews wins face-off versus John Quenneville in Admirals zone.
9:12 of 3rd period - Shot by Saku Maenalanen.
9:12 of 3rd period - Shot Misses the Net.
9:18 of 3rd period - Shot by Jonathan Toews.
9:18 of 3rd period - Stopped by Michael McNiven with a rebound.
9:20 of 3rd period - Shot by Jonathan Toews.
9:20 of 3rd period - Shot Blocked by William Bitten.
9:22 of 3rd period - Shot by Jake Christiansen.
9:22 of 3rd period - Stopped by Michael McNiven without a rebound.
9:23 of 3rd period - Garrett Pilon wins face-off versus Lias Andersson in Admirals zone.
9:50 of 3rd period - Shot by Joseph Cramarossa.
9:50 of 3rd period - Goal by Joseph Cramarossa - Admirals : 5 - Palm Springs Eager : 2.
9:51 of 3rd period - Garrett Wilson wins face-off versus Saku Maenalanen in neutral zone.
11:18 of 3rd period - Shot by David Kampf.
11:18 of 3rd period - Shot Misses the Net.
11:20 of 3rd period - Shot by David Kampf.
11:20 of 3rd period - Shot Misses the Net.
12:00 of 3rd period - Shot by Joseph Cramarossa.
12:00 of 3rd period - Stopped by Anton Forsberg without a rebound.
12:01 of 3rd period - Riley Duran wins face-off versus Dominic Turgeon in Palm Springs Eager zone.
13:10 of 3rd period - Off-side.
13:11 of 3rd period - David Kampf wins face-off versus Lias Andersson in neutral zone.
13:16 of 3rd period - Cam Dineen is hit by Mike Hardman.
13:40 of 3rd period - Shot by Lias Andersson.
13:40 of 3rd period - Shot Misses the Net.
14:07 of 3rd period - Cam Dineen is hit by Radko Gudas and loses puck.
14:20 of 3rd period - Shot by Saku Maenalanen.
14:20 of 3rd period - Shot Misses the Net.
14:22 of 3rd period - Shot by Saku Maenalanen.
14:22 of 3rd period - Shot Hit the Post.
14:24 of 3rd period - Shot by Radko Gudas.
14:24 of 3rd period - Shot Hit the Post.
14:36 of 3rd period - Mike Reilly is hit by Michael Anderson and loses puck.
15:16 of 3rd period - Off-side.
15:17 of 3rd period - Lias Andersson wins face-off versus Garrett Pilon in neutral zone.
15:26 of 3rd period - Shot by Colin Miller.
15:26 of 3rd period - Stopped by Michael McNiven without a rebound.
15:27 of 3rd period - Scott Reedy wins face-off versus John Quenneville in Admirals zone.
15:49 of 3rd period - Shot by Garrett Wilson.
15:49 of 3rd period - Shot Misses the Net.
15:57 of 3rd period - Shot by Nikita Nesterenko.
15:57 of 3rd period - Stopped by Michael McNiven without a rebound.
15:58 of 3rd period - Garrett Pilon wins face-off versus Jonathan Toews in Admirals zone.
16:13 of 3rd period - Nick Cousins is hit by Radko Gudas and loses puck.
17:27 of 3rd period - Icing by Colin Miller.
17:28 of 3rd period - Dominic Turgeon wins face-off versus Riley Duran in Palm Springs Eager zone.
17:31 of 3rd period - Shot by Nick Baptiste.
17:31 of 3rd period - Stopped by Anton Forsberg without a rebound.
17:32 of 3rd period - Garrett Pilon wins face-off versus Lias Andersson in Palm Springs Eager zone.
17:38 of 3rd period - Nick Cousins is hit by Michael Anderson and loses puck.
17:41 of 3rd period - Shot by Garrett Pilon.
17:41 of 3rd period - Shot Blocked by Michael Anderson.
17:43 of 3rd period - Shot by Joseph Cramarossa.
17:43 of 3rd period - Shot Blocked by Mike Hardman.
18:03 of 3rd period - Shot by Nick Cousins.
18:03 of 3rd period - Deflect By Garrett Pilon.
18:03 of 3rd period - Goal by Garrett Pilon - Admirals : 6 - Palm Springs Eager : 2.
18:04 of 3rd period - Jonathan Toews wins face-off versus John Quenneville in neutral zone.
18:44 of 3rd period - Off-side.
18:45 of 3rd period - Lias Andersson wins face-off versus CJ Suess in neutral zone.
18:52 of 3rd period - Shot by Lias Andersson.
18:52 of 3rd period - Shot Misses the Net.
19:02 of 3rd period - Shot by Paul Thompson.
19:02 of 3rd period - Shot Misses the Net.
19:16 of 3rd period - Shot by Mike Hardman.
19:16 of 3rd period - Shot Misses the Net.
19:55 of 3rd period - Icing by Nick Cousins.
19:56 of 3rd period - Saku Maenalanen wins face-off versus Garrett Pilon in Admirals zone.
Goals for this period are 3 for Admirals vs 1 for Palm Springs Eager.
Shots for this period are 7 for Admirals vs 9 for Palm Springs Eager.